 Dungeon Crawl Stone Soup version 0.21.1-1-g345015f (webtiles) character file.

180 Limpidissima the Skirmisher (level 5, -1/47 HPs)
             Began as a Draconian Monk on July 17, 2018.
             Slain by Ethylacetat's ghost (14 damage)
             ... on level 3 of the Dungeon.
             The game lasted 00:19:40 (3318 turns).

Limpidissima the Skirmisher (Draconian Monk)        Turns: 3318, Time: 00:19:40

Health: -1/47      AC:  7    Str: 15    XL:     5   Next: 33%
Magic:  0/5        EV: 13    Int:  5    God:
Gold:   110        SH:  0    Dex: 13    Spells: 4/4 levels left

rFire    . . .     SeeInvis .     - Unarmed
rCold    . . .     Gourm    .   (no shield)
rNeg     . . .     Faith    .   (armour unavailable)
rPois    .         Spirit   +   (helmet restricted)
rElec    .         Reflect  .   g - +0 cloak
rCorr    .         Harm     .   i - +0 pair of gloves
MR       .....                  (no boots)
Stlth    ++........             e - amulet of guardian spirit
HPRegen  0.15/turn              h - -5 ring of intelligence (curse)
MPRegen  0.09/turn              (no ring)

@: no status effects
A: unfitting armour, cold-blooded, AC +5
a: no special abilities


You were on level 3 of the Dungeon.
You were not hungry.

You visited 1 branch of the dungeon, and saw 4 of its levels.

You collected 110 gold pieces.

Inventory:

Armour
 g - a +0 cloak (worn)
 i - a +0 pair of gloves (worn)
Jewellery
 e - an amulet of guardian spirit (around neck)
 h - a cursed -5 ring of intelligence (left hand)
 m - an uncursed amulet of harm
 n - a cursed ring of loudness
Scrolls
 d - a scroll of immolation {unknown}
 o - a scroll of teleportation
Potions
 b - a potion of flight
 c - a potion of curing
 f - a potion of heal wounds
 l - a potion of resistance {unknown}
 q - 2 potions of cancellation
 r - a potion of agility {unknown}
Comestibles
 a - 7 rations


   Skills:
 + Level 4.8 Fighting
 - Level 3.6 Dodging
 - Level 1.7 Stealth
 + Level 4.4 Unarmed Combat


You had 4 spell levels left.
You didn't know any spells.

Dungeon Overview and Level Annotations

Branches:
Dungeon (4/15)
 Temple: D:4-7

Altars:
Sif Muna

Annotations:
D:3 Ethylacetat's ghost, amateur NaGl


Innate Abilities, Weirdness & Mutations

Your plain brown scales are hard. (AC +5)
You cannot fit into any form of body armour.
You are cold-blooded and may be slowed by cold attacks.


Message History

You barely miss Ethylacetat's ghost. You tail-slap Ethylacetat's ghost.
Ethylacetat's ghost is heavily damaged.
You hit Ethylacetat's ghost but do no damage.
Ethylacetat's ghost is heavily damaged.
Ethylacetat's ghost hits you.
You barely miss Ethylacetat's ghost.
Ethylacetat's ghost is heavily damaged.
Ethylacetat's ghost barely misses you.
You hit Ethylacetat's ghost but do no damage.
Ethylacetat's ghost is heavily damaged.
Ethylacetat's ghost hits you!
* * * LOW HITPOINT WARNING * * *
You hit Ethylacetat's ghost but do no damage.
You tail-slap Ethylacetat's ghost, but do no damage.
Ethylacetat's ghost is heavily damaged.
Ethylacetat's ghost hits you but does no damage.
You closely miss Ethylacetat's ghost.
Ethylacetat's ghost is heavily damaged.
Ethylacetat's ghost hits you!
You die...

#)..............##.#.#.# #
#.#############.##.#<#.#####
#.##..........#.##.#.#.....#
#.##.##..####.#..#.#.#####.#
#.##.##.......##.#.#....##.#
#.##.###<#######.#.####.....
##.##.....###.....#.# ######
#....####).)..#####.####.....
####.# ####@................
#.# #..W............#### #.#
#.#.####.#.####..).. #.#
#.#...)..[..........
#.#####.##.....#.####.####
#.....#........#.# #.# #
#####.####...).#)# #.####
#.....#####..#.# #.....
#.#.#.#####..#.# ######


You could see Ethylacetat's ghost.

Vanquished Creatures
  An orc wizard (D:3)
  6 adders
  An ooze (D:1)
  2 worms
  A leopard gecko (D:3)
  6 orcs (D:3)
  8 bats
  4 giant cockroaches
  5 goblins
  4 hobgoblins
  13 jackals
  6 kobolds
  3 quokkas (D:3)
  2 ball pythons
  4 frilled lizards (D:1)
  8 rats
74 creatures vanquished.

Notes
Turn   | Place    | Note
-------+----------+-------------------------------------------
     0 | D:1      | Limpidissima the Draconian Monk began the quest for the Orb.
     0 | D:1      | Reached XP level 1. HP: 19/19 MP: 1/1
   309 | D:1      | Reached XP level 2. HP: 25/26 MP: 2/2
   728 | D:1      | Reached XP level 3. HP: 31/31 MP: 3/3
  1476 | D:2      | Found a deep blue altar of Sif Muna.
  1663 | D:3      | Noticed Ethylacetat's ghost (amateur NaGl)
  1724 | D:3      | Reached XP level 4. HP: 29/40 MP: 4/4
  2254 | D:3      | Reached XP level 5. HP: 19/47 MP: 5/5
  3061 | D:3      | HP: 2/47 [Ethylacetat's ghost (3)]
  3318 | D:3      | Slain by Ethylacetat's ghost

Skill      XL: |  1  2  3  4 |
---------------+-------------+-----
Dodging        | 3 |  3.6
Fighting       | 4 |  4.8
Unarmed Combat | 4 |  4.4
Stealth        | |  1.7

Action                   |  1- 3 |  4- 6 || total
-------------------------+-------+-------++-------
Melee: Unarmed           |   152 |   222 ||   374
       Tailslap          |    17 |    22 ||    39
       Punch             |     2 |     2 ||     4
  Use: Scroll            |     3 |     6 ||     9
       Potion            |       |     4 ||     4
 Stab: Sleeping          |     6 |     2 ||     8
  Eat: Chunk             |     2 |     1 ||     3
       Ration            |       |     2 ||     2
Armor: Skin              |    44 |    65 ||   109
Dodge: Dodged            |   122 |   152 ||   274
